 Dungeon Crawl Stone Soup version 0.29-a0-91-gdebf4667c2 (webtiles) character file.

Game seed: 10586043800087175022

23 lordive the Bolt Thrower (level 3, 21/21 HPs)
             Began as a Kobold Hunter on Feb 7, 2022.
             Was a Follower of Makhleb.
             Quit the game on level 1 of the Dungeon.
             The game lasted 00:01:09 (1521 turns).

lordive the Bolt Thrower (Kobold Hunter)            Turns: 1521, Time: 00:01:09

Health: 21/21      AC:  3    Str:  9    XL:     3   Next: 12%
Magic:  3/3        EV: 14    Int: 14    God:    Makhleb [*.....]
Gold:   39         SH:  0    Dex: 15    Spells: 2/2 levels left

rFire   . . .      SeeInvis .   b - +0 short sword
rCold   . . .      Faith    .   (no shield)
rNeg    . . .      Spirit   .   c - +0 leather armour
rPois   .          Reflect  .   (no helmet)
rElec   .          Harm     .   (no cloak)
rCorr   .          Rampage  .   (no gloves)
Will    .....                   (no boots)
Stlth   +++.......              (no amulet)
HPRegen 0.07/turn               (no ring)
MPRegen 0.08/turn               (no ring)

@: no status effects
A: small, no large weapons, nightstalker 3
a: Renounce Religion


You were on level 1 of the Dungeon.
You worshipped Makhleb.
Makhleb was aware of your devotion.
You visited 1 branch of the dungeon, and saw 2 of its levels.

You collected 39 gold pieces.

Inventory:

Hand Weapons
 a - a +1 hand crossbow
 b - a +0 short sword (weapon)
Missiles
 d - 20 bolts
Armour
 c - a +0 leather armour (worn)
Scrolls
 g - a scroll of teleportation {unknown}
 h - a scroll of silence {unknown}
Potions
 e - a potion of brilliance {unknown}
 f - a potion of ambrosia {unknown}
 i - a potion of lignification {unknown}


   Skills:
 + Level 2.3 Fighting
 + Level 1.2 Short Blades
 + Level 5.1 Crossbows
 + Level 0.2 Armour
 + Level 2.8 Dodging
 + Level 2.2 Stealth


You had 2 spell levels left.
You didn't know any spells.
Your spell library was empty.

Dungeon Overview and Level Annotations

Branches:
Dungeon (2/15)

Altars:
Makhleb


Innate Abilities, Weirdness & Mutations

You are small and have problems with some larger weapons.
You are completely attuned to the shadows.


Message History

No target in view!
No target in view!
No target in view!
No target in view!
No target in view!
No target in view!
No target in view!
No target in view!
No target in view!
No target in view!
No target in view!
Unknown command.
Search for what [? for help]? altar
There is a stone staircase leading up here.
You climb upwards.
There is a stone staircase leading down here.
There is a faded altar of an unknown god here.
You see here a -3 whip.
You cannot tell which god this altar belongs to.
Convert to them anyway?
Okay, then.
Unknown command.
Press < or > to pray at altars.
Unknown command.
Press < or > to pray at altars.
You cannot tell which god this altar belongs to.
Convert to them anyway?
Okay, then.
Unknown command.
Press < or > to pray at altars.
You cannot tell which god this altar belongs to.
Convert to them anyway?
Okay, then.
You cannot tell which god this altar belongs to.
Convert to them anyway?
Makhleb accepts your prayer! Makhleb welcomes you!
You can now gain health from killing.
HP restored.
Partly explored, can't reach some places.
Partly explored, can't reach some places.
Partly explored, can't reach some places.
Partly explored, can't reach some places.
Are you sure you want to abandon this character and quit the game? (Confirm with "yes".)

#.....รท........#.....##.
##..........#.[#........
##...##...##......#####
#####..##...#....###
#..###.###......## #.##
#.# ######..## #..###.#
##... ########.##..# ####
#......#@#..##
#.....>.#.### #.........#
###########


There were no monsters in sight!

Vanquished Creatures
  A worm (D:2)
  4 endoplasms (D:1)
  2 goblins (D:1)
  3 hobgoblins (D:1)
  A quokka (D:1)
  2 ball pythons (D:1)
  3 frilled lizards (D:1)
  2 kobolds (D:1)
  A rat (D:1)
19 creatures vanquished.

Vanquished Creatures (others)
  An endoplasm (D:1)
1 creature vanquished.

Grand Total: 20 creatures vanquished

Notes
Turn   | Place    | Note
-------+----------+-------------------------------------------
     0 | D:1      | lordive the Kobold Hunter began the quest for the Orb.
     0 | D:1      | Reached XP level 1. HP: 12/12 MP: 1/1
   193 | D:1      | Reached XP level 2. HP: 11/17 MP: 2/2
   228 | D:1      | Reached skill level 5 in Crossbows
   777 | D:1      | Reached skill level 1 in Short Blades
  1024 | D:1      | Reached XP level 3. HP: 21/21 MP: 3/3
  1036 | D:1      | Found a faded altar of an unknown god.
  1437 | D:1      | Prayed at the altar of an unknown god.
  1437 | D:1      | Became a worshipper of Makhleb the Destroyer
  1437 | D:1      | Reached * piety under Makhleb
  1521 | D:1      | Quit the game

Illustrated notes

Levels and vault maps discovered:
D:1:      eino_arrival_cavern_b, layout_rooms, ebering_ecumenical_altar_rust,
          lemuel_flame_loot_1
D:2:      layout_loops_ring, basic_altar, nrook_campfire

Skill      XL: |  1  2 |
---------------+-------+-----
Crossbows      | 5 |  5.1
Stealth        | 2 |  2.2
Short Blades   | 1 |  1.2
Fighting       | |  2.3
Armour         | |  0.2
Dodging        | |  2.8

Action                   || total
-------------------------++-------
Melee: Short sword       ||    91
       Punch             ||     1
 Stab: Sleeping          ||     8
Armor: Leather armour    ||    11
Dodge: Dodged            ||    64

Table legend: (Time is in decaauts)
 A = Elapsed time spent in this place.
 B = Non-inter-level travel time spent in this place.
 C = Inter-level travel time spent in this place.
 D = Time resting spent in this place.
 E = Time spent auto-exploring this place.
 F = Levels seen in this place.
 G = Mean time per level.
                   A        B        C        D        E       F      G
               +--------+--------+--------+--------+--------+-----+--------+
         Total |   1531 |   1463 |     68 |    203 |   1086 |   2 |  765.5 |
       Dungeon |   1531 |   1463 |     68 |    203 |   1086 |   2 |  765.5 |
               +--------+--------+--------+--------+--------+-----+--------+

Top non-repeatable levels by time:
     D:1: 1502 daAuts
     D:2: 28 daAuts
